[Event "Early-Titled-Tuesday-Blitz-May-28-2024"]
[Site "Chess.com"]
[Date "2024.05.28"]
[Round "3"]
[White "Fernando_Offermann"]
[Black "viktorskliarov"]
[Result "1/2-1/2"]
[WhiteElo "2480"]
[BlackElo "2640"]
[TimeControl "180+1"]
[EndTime "8:26:54 PDT"]
[Termination "Game drawn by repetition"]

1. d4 Nf6 2. Nf3 g6 3. g3 Bg7 4. Bg2 O-O 5. O-O c6 6. c4 d5 7. cxd5 cxd5 8. Ne5 Nfd7 9. Nxd7 Qxd7 10. Nc3 e6 11. e3 b6 12. f4 Nc6 13. h4 Ba6 14. Rf2 f5 15. Qa4 Bd3 16. Bd2 Rf7 17. Be1 Na5 18.
Qd1 Ba6 19. b3 h5 20. Bf1 Bxf1 21. Kxf1 Rc8 22. Rc2 Nb7 23. Qd3 Nd6 24. Rac1 Rff8 25. Nd1 Ne4 26. Kg2 Bf6 27. Bb4 Rfe8 28. Nf2 Be7 29.
Bxe7 Rxc2 30. Qxc2 Rxe7 31. Nxe4 fxe4 32. Qc8+ Qxc8 33. Rxc8+ Kf7 34. g4 Re8 35. Rxe8 Kxe8 36. gxh5 gxh5 37. b4 b5 38. Kf2 Kf7 39. Kg2 Kf6 40. Kf2 Kf5 41. Kg3 Kf6 42. Kf2 Kf5 43. Kg3 Kf6 44. Kf2 1/2-1/2

[Event "Early-Titled-Tuesday-Blitz-May-28-2024"]
[Site "Chess.com"]
[Date "2024.05.28"]
[Round "3"]
[White "ChempionBg"]
[Black "jup1978"]
[Result "1-0"]
[WhiteElo "2261"]
[BlackElo "2416"]
[TimeControl "180+1"]
[EndTime "8:26:54 PDT"]
[Termination "ChempionBg won by resignation"]

1. d4 d5 2. c4 e6 3. Nf3 Nf6 4. g3 Be7 5. Bg2 O-O 6. O-O c6 7. Nc3 b6 8. Nd2 Ba6 9. b3 b5 10. Rb1 Nbd7 11. Qc2 Rb8 12. Rd1 bxc4 13. bxc4 dxc4 14.
Bxc6 Qc7 15. Bg2 Nb6 16. e4 Rfd8 17. Nf1 h6 18. Bf4 Qd7 19. Bxb8 Rxb8 20. d5 exd5 21.
e5 Ng4 22. Nxd5 Qe6 23. Nc7 Qxe5 24. Nxa6 Rc8 25. Qe4 Qxe4 26. Bxe4 Bc5 27. Nxc5 1-0

[Event "Early-Titled-Tuesday-Blitz-May-28-2024"]
[Site "Chess.com"]
[Date "2024.05.28"]
[Round "3"]
[White "David_ATM"]
[Black "edgarhay012"]
[Result "0-1"]
[WhiteElo "2437"]
[BlackElo "2615"]
[TimeControl "180+1"]
[EndTime "8:26:55 PDT"]
[Termination "edgarhay012 won by resignation"]

1. e4 e6 2. d4 d5 3. exd5 exd5 4. Bd3 Bd6 5. Qf3 h6 6. Ne2 Nf6 7. h3 O-O 8. O-O Nc6 9. c3 Re8 10. Bf4 Ne4 11. Bxd6 Qxd6 12. Ng3 Ng5 13. Qd1 Qf4 14. Qc1 Qh4 15. Nd2 Bd7 16. Qd1 Qf4 17. Qc1 Bxh3 18. Nb3 Nf3+ 19. Kh1 Qh4 20. gxf3 Bxf1+ 21. Kg1 Bxd3 22.
Nc5 Bg6 23. Qd2 b6 24. Nd3 Na5 25. Ne5 Nc4 26. Nxc4 dxc4 27. Kg2 Qg5 28. Qd1 Re7 29. Qf1 b5 30. Qg1 Rae8 31. Qh2 h5 32. Rh1 a5 33. Qh4 Qxh4 34. Rxh4 Re1 35. Nxh5 Bxh5 36.
Rxh5 c6 37. Rc5 R8e6 38. d5 Rg6+ 39. Kh2 Re5 40. dxc6 Rxc5 0-1

[Event "Early-Titled-Tuesday-Blitz-May-28-2024"]
[Site "Chess.com"]
[Date "2024.05.28"]
[Round "3"]
[White "francyIM"]
[Black "LiadCuba"]
[Result "1-0"]
[WhiteElo "2808"]
[BlackElo "2519"]
[TimeControl "180+1"]
[EndTime "8:26:56 PDT"]
[Termination "francyIM won by checkmate"]

1. e4 c5 2. e5 d6 3. f4 dxe5 4. fxe5 a6 5. a4 Nc6 6. Nf3 h6 7. Bc4 Bf5 8. d3 e6 9. O-O Nxe5 10. Nxe5 Qd4+ 11. Kh1 Qxe5 12. Qf3 Bd6 13. g3 O-O-O 14. Nc3 g5 15. Bd2 Ne7 16. Rfe1 Qg7 17. Ra3 Nc6 18.
Bxa6 Kc7 19. Nb5+ Kb6 20. Nxd6 Rxd6 21. Bc3 Nd4 22. Qxb7# 1-0

[Event "Early-Titled-Tuesday-Blitz-May-28-2024"]
[Site "Chess.com"]
[Date "2024.05.28"]
[Round "3"]
[White "DanielNaroditsky"]
[Black "Kezin_Roman"]
[Result "1-0"]
[WhiteElo "3074"]
[BlackElo "2784"]
[TimeControl "180+1"]
[EndTime "8:26:57 PDT"]
[Termination "DanielNaroditsky won on time"]

1. e4 c5 2. c3 Nf6 3. e5 Nd5 4. Nf3 Nc6 5. Bc4 Nb6 6. Bb3 d5 7.
exd6 Qxd6 8. O-O Bf5 9. d4 cxd4 10. Nxd4 Nxd4 11. cxd4 e6 12. Nc3 Be7 13. Qf3 O-O 14. Rd1 Qd7 15. h3 Rfd8 16. d5 e5 17. d6 Bf6 18. g4 Bg6 19. Ne4 Bh4 20. Nc5 Qc6 21. Qxc6 bxc6 22. Be3 Nd7 23. Nb7 Rdb8 24. Na5 Be4 25.
Rac1 Rc8 26. Bc2 Bd5 27. Bf5 Rd8 28. Nxc6 Bxc6 29. Rxc6 g6 30. Be4 Rac8 31. Rc7 Nb6 32. Rdc1 1-0

[Event "Early-Titled-Tuesday-Blitz-May-28-2024"]
[Site "Chess.com"]
[Date "2024.05.28"]
[Round "3"]
[White "Lennis93"]
[Black "Aryan_Tamadon"]
[Result "1-0"]
[WhiteElo "2762"]
[BlackElo "2502"]
[TimeControl "180+1"]
[EndTime "8:26:57 PDT"]
[Termination "Lennis93 won by checkmate"]

1. d4 Nf6 2. Nc3 d6 3. e4 g6 4. f4 Bg7 5. e5 Nfd7 6. h4 c5 7.
dxc5 dxe5 8. Nf3 Nc6 9. h5 exf4 10. Bxf4 Nxc5 11. Qxd8+ Nxd8 12. Nd5 Nde6 13. Be5 Bxe5 14. Nxe5 f6 15. Ng4 gxh5 16. Rxh5 Ng7 17. Nc7+ Kf7 18.
Rxc5 Rb8 19. Ne3 Bd7 20. Bc4+ e6 21. O-O-O Bc6 22. Nb5 a6 23. Nd4 Be4 24. Rc7+ Kg6 25. Nxe6 Nxe6 26. Bxe6 Rhe8 27. Bf7+ Kg5 28. Bxe8 Rxe8 29.
Rf1 Bc6 30. Rg7+ Kh6 31. Nf5+ Kh5 32. g4# 1-0

[Event "Early-Titled-Tuesday-Blitz-May-28-2024"]
[Site "Chess.com"]
[Date "2024.05.28"]
[Round "3"]
[White "DominguezOnYoutube"]
[Black "Kildepiotr"]
[Result "1-0"]
[WhiteElo "2996"]
[BlackElo "2744"]
[TimeControl "180+1"]
[EndTime "8:26:58 PDT"]
[Termination "DominguezOnYoutube won by resignation"]

1. e4 c6 2. d4 d5 3. e5 Bf5 4.
Nf3 e6 5. Be2 Nd7 6. O-O Bg6 7.
Nbd2 Nh6 8. Nb3 Nf5 9. a4 Rc8 10. a5 a6 11. Bf4 c5 12. dxc5 Nxc5 13. c4 d4 14. Nbxd4 Nxd4 15. Nxd4 Bd3 16. Be3 Bxe2 17. Qxe2 Be7 18. b4 Nd7 19. c5 Nxe5 20. Rfd1 Bf6 21. Nf5 exf5 22. Rxd8+ Rxd8 23. Bf4 Rd5 24. Rd1 Rxd1+ 25.
Qxd1 O-O 26. Bxe5 Bxe5 27. Qd5 1-0

[Event "Early-Titled-Tuesday-Blitz-May-28-2024"]
[Site "Chess.com"]
[Date "2024.05.28"]
[Round "3"]
[White "Let_it_be_1"]
[Black "Veleamater"]
[Result "1-0"]
[WhiteElo "2614"]
[BlackElo "2436"]
[TimeControl "180+1"]
[EndTime "8:26:58 PDT"]
[Termination "Let_it_be_1 won by resignation"]

1. e4 d6 2. d4 g6 3. Nc3 Bg7 4.
f4 Nf6 5. Nf3 O-O 6. Be3 Nc6 7.
e5 Nd7 8. Qd2 Nb6 9. O-O-O dxe5 10. dxe5 Qxd2+ 11. Rxd2 e6 12. Bb5 a6 13. Bxc6 bxc6 14.
b3 Nd5 15. Bd4 Nxf4 16. Ne4 h6 17. c4 g5 18. Nf6+ Bxf6 19. exf6 Ng6 20. Ne5 Kh7 21.
Bc5 Bb7 22. Nxg6 Kxg6 23. Bxf8 Rxf8 24. Rf1 c5 25. g3 h5 26. Rd7 Be4 27. Rxc7 g4 28.
Rxc5 Bf3 29. h4 Kxf6 30. Rxh5 Rd8 31. Rg5 e5 32. Rxg4 Rd3 33. Kc2 Re3 34. Kd2 Re2+ 35. Kd3 e4+ 36. Rxe4 Rxe4 37. Rxf3+ Ke5 38. Re3 1-0

[Event "Early-Titled-Tuesday-Blitz-May-28-2024"]
[Site "Chess.com"]
[Date "2024.05.28"]
[Round "3"]
[White "rhungaski"]
[Black "Thebigsqueeze"]
[Result "1-0"]
[WhiteElo "2571"]
[BlackElo "2310"]
[TimeControl "180+1"]
[EndTime "8:26:58 PDT"]
[Termination "rhungaski won by resignation"]

1. d4 Nf6 2. c4 c5 3. d5 b5 4. cxb5 a6 5. bxa6 d6 6. Nc3 g6 7. f4 Bg7 8. Nf3 O-O 9. e4 Nxa6 10. e5 Nd7 11. e6 fxe6 12. Ng5 Nf6 13. h4 exd5 14.
h5 d4 15. hxg6 hxg6 16. Bd3 dxc3 17. Bxg6 e5 18. Qd3 e4 19. Qg3 cxb2 20. Bxb2 Qa5+ 21. Bc3 Nb4 22. Qh4 Rd8 23. Bxf6 Nd3+ 24. Kf1 Ra7 25. Qh8+ 1-0

[Event "Early-Titled-Tuesday-Blitz-May-28-2024"]
[Site "Chess.com"]
[Date "2024.05.28"]
[Round "3"]
[White "jk13"]
[Black "lachesisQ"]
[Result "0-1"]
[WhiteElo "2650"]
[BlackElo "3094"]
[TimeControl "180+1"]
[EndTime "8:27:04 PDT"]
[Termination "lachesisQ won by resignation"]

1. e4 c5 2. c3 d6 3. d4 Nf6 4. Bd3 g6 5. Nf3 Bg7 6. O-O O-O 7. dxc5 dxc5 8. Qe2 Nc6 9. h3 Qc7 10. Re1 Nh5 11. e5 f5 12. Bc4+ Kh8 13. a4 a6 14.
Na3 f4 15. Bd5 Bf5 16. Nc4 Rad8 17. Be4 Be6 18. Ng5 Bg8 19. Bf3 Rf5 20. Ne4 Nxe5 21. Nxe5 Rxe5 22. a5 c4 23. Ra4 Rd3 24. Qf1 Bd5 25.
Nd2 Rxe1 26. Qxe1 Bxf3 27. Nxf3 Qd7 28. Kh2 Qxa4 29. Qxe7 Qd7 0-1

[Event "Early-Titled-Tuesday-Blitz-May-28-2024"]
[Site "Chess.com"]
[Date "2024.05.28"]
[Round "3"]
[White "JoliyRoger"]
[Black "bubeliang"]
[Result "0-1"]
[WhiteElo "2442"]
[BlackElo "2790"]
[TimeControl "180+1"]
[EndTime "8:27:04 PDT"]
[Termination "bubeliang won by resignation"]

1. d4 d5 2. c4 e6 3. Nc3 Nf6 4. Nf3 dxc4 5. e3 c5 6. Bxc4 cxd4 7. exd4 Be7 8. O-O O-O 9. d5 a6 10. dxe6 Bxe6 11. Bxe6 fxe6 12. Qb3 Qc8 13. Ng5 Kh8 14. Re1 Nc6 15. Nxe6 Re8 16. Ng5 Nd8 17. Bf4 h6 18. Nf3 Nc6 19. Rac1 Bb4 20. Qf7 Rxe1+ 21. Rxe1 Qf8 22.
Qxb7 Na5 23. Qc7 Rc8 24. Qa7 Nc4 25. Re7 Bxe7 0-1

[Event "Early-Titled-Tuesday-Blitz-May-28-2024"]
[Site "Chess.com"]
[Date "2024.05.28"]
[Round "3"]
[White "wild3000"]
[Black "JAN2404"]
[Result "1-0"]
[WhiteElo "2347"]
[BlackElo "1951"]
[TimeControl "180+1"]
[EndTime "8:27:04 PDT"]
[Termination "wild3000 won on time"]

1. d4 Nf6 2. e3 g6 3. Nf3 Bg7 4. Bd3 O-O 5. O-O d6 6. c4 Nbd7 7. Nc3 e5 8. b3 Re8 9. Qc2 c6 10.
Rd1 Qa5 11. Bb2 Rb8 12. a3 a6 13.
b4 Qc7 14. dxe5 Nxe5 15. Nxe5 dxe5 16. h3 b5 17. cxb5 cxb5 18. Rac1 Bb7 19. Ne4 Qxc2 20.
Nxf6+ Bxf6 21. Rxc2 Red8 22. Be2 Rxd1+ 23. Bxd1 Rd8 24.
Bf3 Rc8 25. Rd2 e4 26. Bxf6 exf3 27. gxf3 Bxf3 28. Rd6 Bc6 29. Kh2 h6 30. Kg3 Kh7 31. h4 g5 32. h5 Rc7 33. Rd8 1-0

[Event "Early-Titled-Tuesday-Blitz-May-28-2024"]
[Site "Chess.com"]
[Date "2024.05.28"]
[Round "3"]
[White "PattyCastillo"]
[Black "ZachHKL"]
[Result "0-1"]
[WhiteElo "1829"]
[BlackElo "2342"]
[TimeControl "180+1"]
[EndTime "8:27:06 PDT"]
[Termination "ZachHKL won by resignation"]

1. d4 d5 2. Nf3 c6 3. e3 Nf6 4.
Bd3 Bg4 5. Nbd2 e6 6. b3 Nbd7 7. Bb2 Bd6 8. O-O O-O 9. Qb1 Re8 10. Ne5 Bh5 11. f4 Bg6 12. Nxg6 hxg6 13. c4 Ng4 14. Qe1 f5 15. h3 Ngf6 16. Rd1 Ne4 17. Nf3 Qf6 18. Ne5 Bxe5 19. fxe5 Qg5 20. Rf4 a5 21. Bxe4 fxe4 22. Qf2 Rf8 23. Rf1 Rf5 24.
Ba3 Rxf4 25. Qxf4 Qxf4 26. Rxf4 a4 27. Bd6 axb3 28. axb3 Ra1+ 29. Kh2 Rb1 30. b4 dxc4 31. Rf2 Rc1 32. Kg3 Nb6 33. Kf4 Nd5+ 34. Kxe4 Rd1 35.
Rc2 b5 36. Re2 Nc3+ 37. Kf3 Nxe2 38. Kxe2 Rg1 39. Kf3 c3 0-1

[Event "Early-Titled-Tuesday-Blitz-May-28-2024"]
[Site "Chess.com"]
[Date "2024.05.28"]
[Round "3"]
[White "zsizsi99"]
[Black "aa175"]
[Result "0-1"]
[WhiteElo "2552"]
[BlackElo "2827"]
[TimeControl "180+1"]
[EndTime "8:27:07 PDT"]
[Termination "aa175 won by resignation"]

1. e4 e5 2. Nf3 Nf6 3. Nxe5 d6 4. Nf3 Nxe4 5. Nc3 Nxc3 6. dxc3 Nd7 7. Be3 Be7 8. Qd2 O-O 9. O-O-O Nf6 10. Bd3 d5 11. h4 Re8 12. h5 h6 13. Bxh6 Ne4 14. Qf4 Bd6 15. Qg5 Nxg5 16. Bxg5 Be7 17. Bd2 Bg4 18. Rdg1 Bf6 19. h6 g6 20. Nh2 Bd7 21.
g4 c5 22. f4 c4 23. Bf1 Qa5 24. a3 Bd4 25. Rg3 Bf2 26. Rf3 Be1 27. Be3 Rxe3 28. Rxe3 d4 29. Rxe1 dxc3 30. bxc3 Qxc3 31. Bg2 Ba4 32.
Be4 Qa1+ 33. Kd2 Rd8+ 34. Ke2 Qd4 35. Kf3 Bc6 36. Re3 Re8 37. Rhe1 Rxe4 38. Rxe4 f5 39. gxf5 gxf5 40. Rg1+ Qxg1 0-1

[Event "Early-Titled-Tuesday-Blitz-May-28-2024"]
[Site "Chess.com"]
[Date "2024.05.28"]
[Round "3"]
[White "jamesaltucher"]
[Black "AsaHoffmann"]
[Result "1-0"]
[WhiteElo "2058"]
[BlackElo "2362"]
[TimeControl "180+1"]
[EndTime "8:27:11 PDT"]
[Termination "jamesaltucher won on time"]

1. e4 d6 2. f4 c5 3. Nf3 Nc6 4. Bc4 Nf6 5. d3 Bg4 6. O-O e6 7. Bb3 Be7 8. c3 d5 9. e5 Nd7 10. h3 Bxf3 11. Qxf3 f5 12. Be3 O-O 13. Nd2 b5 14. d4 c4 15. Bc2 a5 16. g4 g6 17. Kh2 b4 18. Rg1 Rb8 19. gxf5 bxc3 20. fxe6 Rxb2 21. Bxg6 1-0

[Event "Early-Titled-Tuesday-Blitz-May-28-2024"]
[Site "Chess.com"]
[Date "2024.05.28"]
[Round "3"]
[White "KorolDimitriy75"]
[Black "Aragon"]
[Result "0-1"]
[WhiteElo "2370"]
[BlackElo "2108"]
[TimeControl "180+1"]
[EndTime "8:27:12 PDT"]
[Termination "Aragon won by checkmate"]

1. d4 b5 2. e4 a6 3. Bd3 e6 4. Nf3 Bb7 5. Qe2 Nf6 6. O-O Be7 7.
a4 b4 8. c3 a5 9. Re1 d5 10.
Nbd2 dxe4 11. Nxe4 Nxe4 12. Bxe4 Bxe4 13. Qxe4 Qd5 14.
Qg4 Bf6 15. Bf4 Nd7 16. Rac1 c5 17. c4 Qb7 18. d5 O-O 19. dxe6 fxe6 20. Qxe6+ Rf7 21.
b3 Bc3 22. Ng5 Nf8 23. Nxf7 Nxe6 24. Nd6 Qd7 25. Bg3 Bxe1 26. Rxe1 Nd4 27. Re5 Qxd6 28.
Re8+ Rxe8 29. Bxd6 Re1# 0-1

[Event "Early-Titled-Tuesday-Blitz-May-28-2024"]
[Site "Chess.com"]
[Date "2024.05.28"]
[Round "3"]
[White "Bykov_Egor"]
[Black "Keranke"]
[Result "0-1"]
[WhiteElo "2663"]
[BlackElo "2902"]
[TimeControl "180+1"]
[EndTime "8:27:14 PDT"]
[Termination "Keranke won by checkmate"]

1. e4 g6 2. d4 Bg7 3. Nc3 d6 4. Nf3 a6 5. Be3 b5 6. Bd3 Nd7 7. a4 b4 8. Ne2 Bb7 9. h4 Ngf6 10.
Ng3 Ng4 11. Bd2 c5 12. h5 cxd4 13. Bxb4 Nc5 14. a5 Rb8 15. Bxc5 dxc5 16. Bc4 O-O 17. Qd2 e6 18. Qf4 Nf6 19. hxg6 hxg6 20. Qh4 Re8 21. Ng5 Qc7 22. f4 Bc6 23. e5 Nd5 24. Qh7+ Kf8 25.
N3e4 Nxf4 26. O-O Qxe5 27. Rxf4 Qxf4 28. Rf1 Qe3+ 29. Kh1 Rb7 30. Nxc5 Qxg5 31. Nxb7 Qxg2# 0-1

[Event "Early-Titled-Tuesday-Blitz-May-28-2024"]
[Site "Chess.com"]
[Date "2024.05.28"]
[Round "3"]
[White "UK_23"]
[Black "Pragmatist237"]
[Result "1/2-1/2"]
[WhiteElo "2409"]
[BlackElo "2215"]
[TimeControl "180+1"]
[EndTime "8:27:14 PDT"]
[Termination "Game drawn by repetition"]

1. e4 b6 2. d4 Bb7 3. Nd2 e6 4. c3 d5 5. e5 c5 6. a3 c4 7. f4 Nc6 8. Ndf3 Nh6 9. Ne2 Be7 10. g3 f6 11. h4 O-O 12. Bh3 Bc8 13. O-O fxe5 14.
Nxe5 Nxe5 15. fxe5 Nf5 16. Bxf5 exf5 17. Nf4 Re8 18.
Qf3 Bb7 19. Ne6 Qd7 20. Qxf5 Bxh4 21. gxh4 Qxe6 22. Bg5 Qxf5 23. Rxf5 Rf8 24. Raf1 Rxf5 25. Rxf5 Rf8 26. Rxf8+ Kxf8 27. Kf2 Bc8 28. Bd8 Be6 29. Kg3 b5 30. Kf4 a6 31. Kg5 Kf7 32. h5 h6+ 33. Kf4 Ke8 34. Bb6 Kf7 35. Bc5 Ke8 36. Bd6 Kf7 37.
Bc5 Ke8 38. Bd6 Kf7 39. Bc5 1/2-1/2

[Event "Early-Titled-Tuesday-Blitz-May-28-2024"]
[Site "Chess.com"]
[Date "2024.05.28"]
[Round "3"]
[White "unbreakablepawn35"]
[Black "Thjop"]
[Result "0-1"]
[WhiteElo "2387"]
[BlackElo "2604"]
[TimeControl "180+1"]
[EndTime "8:27:16 PDT"]
[Termination "Thjop won by resignation"]

1. c4 Nf6 2. Nc3 g6 3. e4 d6 4. g3 Bg7 5. Bg2 O-O 6. Nge2 e5 7. O-O Nc6 8. d3 a5 9. h3 Nd7 10. Kh2 Nc5 11. f4 Nd4 12. Nxd4 exd4 13. Ne2 f5 14.
Rb1 Qe7 15. b3 fxe4 16. dxe4 Nxe4 17. Nxd4 Nc3 18. Qd3 Nxb1 19. Bb2 c6 20. Rxb1 Bf5 21. Nxf5 gxf5 22. Bxg7 Kxg7 23. Rd1 Rf6 24. Qd4 a4 25. b4 Re8 26. Rd2 Qe3 27. Qb2 a3 28. Qc2 Rg6 29.
Rd3 Qe1 30. Rxa3 Re2 31. Qc3+ Qxc3 32. Rxc3 Rxa2 33. b5 Re6 34. g4 Ree2 35. Rg3 Kf6 36. bxc6 bxc6 37. g5+ Kg7 38. h4 Rf2 39. Kh3 Rxf4 40.
Bxc6 Rd2 41. Bd5 Rdd4 42. Ra3 Rxh4+ 43. Kg3 Rdg4+ 44. Kf3 Rh3+ 0-1

[Event "Early-Titled-Tuesday-Blitz-May-28-2024"]
[Site "Chess.com"]
[Date "2024.05.28"]
[Round "3"]
[White "Al_Shima"]
[Black "SmirnovAlexandrA"]
[Result "1-0"]
[WhiteElo "2494"]
[BlackElo "2633"]
[TimeControl "180+1"]
[EndTime "8:27:18 PDT"]
[Termination "Al_Shima won by resignation"]

1. b3 Nf6 2. Bb2 g6 3. Bxf6 exf6 4. c4 d5 5. cxd5 Qxd5 6. Nc3 Qd8 7. g3 f5 8. Bg2 Bg7 9. e3 c5 10. Nge2 Nc6 11. O-O O-O 12. Rc1 Ne5 13. d4 cxd4 14.
Nxd4 a6 15. Qe2 Rb8 16. Rfd1 Qa5 17. Na4 Bd7 18. Nc5 Bc6 19. Nxc6 bxc6 20. f4 Ng4 21. h3 Nf6 22. Qxa6 Qxa6 23. Nxa6 Ra8 24. Rxc6 Rfe8 25. b4 Rxe3 26. Rxf6 Rxg3 27. Rfd6 Bh6 28. Kf2 Bxf4 29. Bxa8 1-0

[Event "Early-Titled-Tuesday-Blitz-May-28-2024"]
[Site "Chess.com"]
[Date "2024.05.28"]
[Round "3"]
[White "ClauAmura"]
[Black "zurzan"]
[Result "1-0"]
[WhiteElo "2411"]
[BlackElo "2144"]
[TimeControl "180+1"]
[EndTime "8:27:19 PDT"]
[Termination "ClauAmura won by resignation"]

1. d4 Nf6 2. Bg5 g6 3. Bxf6 exf6 4. e3 d5 5. c4 c6 6. Nc3 Bd6 7. cxd5 cxd5 8. g3 O-O 9. Bg2 Be6 10. Nge2 Nc6 11. O-O a6 12. a3 Rc8 13. Nf4 Bxf4 14.
gxf4 Qd7 15. Na4 Bh3 16. Nb6 Qf5 17. Nxc8 Rxc8 18. Qf3 Bxg2 19. Kxg2 Na5 20. Rac1 Nc4 21. Qe2 Qe4+ 22. Kg1 Rc6 23. b3 Nxa3 24. Rxc6 bxc6 25. Qxa6 Qf3 26. Qc8+ Kg7 27. Rc1 f5 28. Qxc6 Qg4+ 29. Kf1 Qh3+ 30. Ke2 Qh5+ 31. Kd3 Qxh2 32. Qxd5 Qxf2 33.
Qe5+ f6 34. Qe7+ 1-0

[Event "Early-Titled-Tuesday-Blitz-May-28-2024"]
[Site "Chess.com"]
[Date "2024.05.28"]
[Round "3"]
[White "frenchpin"]
[Black "Stanbad1"]
[Result "0-1"]
[WhiteElo "2448"]
[BlackElo "2636"]
[TimeControl "180+1"]
[EndTime "8:27:20 PDT"]
[Termination "Stanbad1 won on time"]

1. c4 Nf6 2. d4 g6 3. h4 c5 4. d5 b5 5. Nd2 d6 6. e4 b4 7. Be2 Bg7 8. h5 gxh5 9. Bxh5 a5 10. Bf3 Nbd7 11. Nf1 Ne5 12. Qe2 h5 13. Ne3 Nxf3+ 14.
Qxf3 a4 15. Nf5 Bxf5 16. Qxf5 a3 17. bxa3 Nxe4 18. Rb1 Nc3 19. Rb3 Nxa2 20. Bg5 Rxa3 21. Rxa3 bxa3 22. Nf3 Nb4 23. O-O a2 24. Bd2 Qd7 25.
Qf4 Qg4 26. Qe3 O-O 27. Qa3 a1=Q 28. Rxa1 Nc2 29. Qd3 Nxa1 30. Ng5 f5 31. Ne6 Qe4 32. Qg3 Qe5 33. Qxg7+ Qxg7 34. Nxg7 Kxg7 35. Bc3+ Kg6 36. Bxa1 f4 37. Bc3 f3 38. gxf3 Rxf3 39. Bd2 Rd3 40.
Be3 Rc3 41. Kg2 Rxc4 42. Kf3 Kf5 43. Ke2 Re4 44. Kd3 Rxe3+ 45. Kxe3 h4 0-1

[Event "Early-Titled-Tuesday-Blitz-May-28-2024"]
[Site "Chess.com"]
[Date "2024.05.28"]
[Round "3"]
[White "mortngabriel"]
[Black "Phuzer"]
[Result "1-0"]
[WhiteElo "2463"]
[BlackElo "2616"]
[TimeControl "180+1"]
[EndTime "8:27:20 PDT"]
[Termination "mortngabriel won by resignation"]

1. d4 d5 2. c4 c6 3. Nf3 Nf6 4. e3 Bf5 5. Nc3 e6 6. Nh4 Be4 7. f3 Bg6 8. Nxg6 hxg6 9. g3 Nbd7 10.
Bg2 Bd6 11. Qe2 Rxh2 12. Rxh2 Bxg3+ 13. Kf1 Bxh2 14. f4 Nh5 15. Qg4 dxc4 16. e4 Ndf6 17. Qd1 Bxf4 18. d5 cxd5 19. exd5 exd5 20. Nxd5 Nxd5 21.
Bxd5 Qh4 22. Qe1+ Qxe1+ 23. Kxe1 Kf8 24. Bxb7 Rb8 25. Bd5 Bxc1 26. Rxc1 Rxb2 27. Rxc4 Rxa2 28. Rc8+ Ke7 29. Bxa2 f5 30. Rc7+ Kf6 31. Rxa7 g5 32.
Ra6+ Ke5 33. Bb1 f4 34. Kf2 g4 35. Ra5+ 1-0

[Event "Early-Titled-Tuesday-Blitz-May-28-2024"]
[Site "Chess.com"]
[Date "2024.05.28"]
[Round "3"]
[White "Gryffindorac8"]
[Black "AljoschaFeuerstack"]
[Result "0-1"]
[WhiteElo "2466"]
[BlackElo "2644"]
[TimeControl "180+1"]
[EndTime "8:27:21 PDT"]
[Termination "AljoschaFeuerstack won by resignation"]

1. d4 d5 2. c4 c6 3. Nf3 Nf6 4. Nc3 g6 5. g3 Bg7 6. Bg2 O-O 7. O-O dxc4 8. a4 Nbd7 9. e4 a5 10. Qe2 Nb6 11. Rd1 Bg4 12. h3 Bxf3 13. Bxf3 Qc8 14.
Kg2 Rd8 15. Be3 Nfd7 16. e5 Nf8 17. Bg5 Qc7 18. Bg4 Ne6 19. Bxe6 fxe6 20. h4 Rf8 21.
h5 Rf5 22. Ne4 Qd7 23. hxg6 hxg6 24. f4 Qd5 25. Kf2 Kf7 26. Nc3 Qd7 27. Rd2 Rh8 28. Kg2 Nd5 29. Rh1 Nxc3 30. bxc3 Qd5+ 0-1

[Event "Early-Titled-Tuesday-Blitz-May-28-2024"]
[Site "Chess.com"]
[Date "2024.05.28"]
[Round "3"]
[White "MNyuyu"]
[Black "ExtremeLearner"]
[Result "1-0"]
[WhiteElo "2308"]
[BlackElo "2479"]
[TimeControl "180+1"]
[EndTime "8:27:21 PDT"]
[Termination "MNyuyu won by resignation"]

1. d4 Nf6 2. Nf3 g6 3. c4 Bg7 4. Nc3 O-O 5. e4 d6 6. Be2 e5 7. O-O Bg4 8. Be3 Nc6 9. d5 Bxf3 10. Bxf3 Nd4 11. Bxd4 exd4 12. Qxd4 Nd7 13. Qd1 Bxc3 14. bxc3 Qf6 15. Qd2 Rfe8 16. Rab1 Nb6 17. Qd4 Qg5 18. c5 Nd7 19. cxd6 cxd6 20. Rxb7 Nc5 21. Rb2 h5 22. Rfb1 h4 23. h3 Qf4 24. Rb4 Rac8 25. a4 Nd7 26. Bg4 Rc7 27. Bxd7 Rxd7 28. Rb8 Rxb8 29. Rxb8+ 1-0

[Event "Early-Titled-Tuesday-Blitz-May-28-2024"]
[Site "Chess.com"]
[Date "2024.05.28"]
[Round "3"]
[White "YouJustFoundYourGodfather"]
[Black "ajedrez1101"]
[Result "1-0"]
[WhiteElo "2598"]
[BlackElo "2356"]
[TimeControl "180+1"]
[EndTime "8:27:22 PDT"]
[Termination "YouJustFoundYourGodfather won by resignation"]

1. c4 b6 2. Nc3 Bb7 3. Nf3 e6 4. g3 Bb4 5. Bg2 f5 6. O-O Bxc3 7. bxc3 Nf6 8. d3 O-O 9. a4 a5 10. Rb1 d6 11. Re1 Qe7 12. Ba3 Nbd7 13. e3 Rab8 14. Qc2 Nc5 15. Bxc5 dxc5 16. Ne5 Bxg2 17. Kxg2 Qd6 18.
d4 Rfd8 19. Red1 Ng4 20. Nxg4 fxg4 21. Qe4 Re8 22. Qxg4 Qc6+ 23. d5 Qxa4 24. h4 exd5 25. Rxd5 Qc2 26. Rd7 Qe4+ 27. Qxe4 Rxe4 28. Rxc7 Rxc4 29.
Rd1 Kh8 30. Rd6 h6 31. Rg6 a4 32. Rgxg7 a3 33. Rh7+ Kg8 34. Rcg7+ Kf8 35. Ra7 Kg8 36. Rxh6 Rxc3 37. h5 b5 38. Rhh7 a2 39. Rag7+ 1-0

[Event "Early-Titled-Tuesday-Blitz-May-28-2024"]
[Site "Chess.com"]
[Date "2024.05.28"]
[Round "3"]
[White "Eloist"]
[Black "talaicito"]
[Result "1-0"]
[WhiteElo "2434"]
[BlackElo "2259"]
[TimeControl "180+1"]
[EndTime "8:27:25 PDT"]
[Termination "Eloist won by resignation"]

1. e4 c5 2. Nf3 d6 3. Bb5+ Bd7 4.
Bxd7+ Qxd7 5. c4 Nc6 6. d4 Nf6 7. d5 Na5 8. Qc2 a6 9. O-O b5 10. e5 dxe5 11. Nxe5 Qc7 12. Re1 g6 13. Bf4 Nh5 14. d6 Qxd6 15. Qe4 Rc8 16. Nc3 Nxf4 17. Qxf4 f6 18. Rad1 fxe5 19. Rxe5 Qb8 20. Nd5 Nxc4 21. Nf6+ Kf7 22. Nd7+ Kg8 23. Nxb8 Nxe5 24. Qxe5 1-0

[Event "Early-Titled-Tuesday-Blitz-May-28-2024"]
[Site "Chess.com"]
[Date "2024.05.28"]
[Round "3"]
[White "CixPer1968"]
[Black "David_George21"]
[Result "0-1"]
[WhiteElo "2145"]
[BlackElo "2410"]
[TimeControl "180+1"]
[EndTime "8:27:25 PDT"]
[Termination "David_George21 won by resignation"]

1. d4 Nf6 2. c4 e6 3. Nf3 d5 4. Nc3 c5 5. cxd5 Nxd5 6. e4 Nxc3 7. bxc3 cxd4 8. cxd4 Bb4+ 9. Bd2 Bxd2+ 10. Qxd2 O-O 11.
Be2 Nc6 12. Rc1 Qa5 13. Qxa5 Nxa5 14. O-O b6 15. Rfd1 Bb7 16. d5 Rfd8 17. dxe6 fxe6 18. e5 Bd5 19. a3 Rac8 20. Ba6 Rxc1 21. Rxc1 Nb3 22. Rc7 Nc5 23. Rxa7 Nxa6 24. Rxa6 Bc4 0-1

[Event "Early-Titled-Tuesday-Blitz-May-28-2024"]
[Site "Chess.com"]
[Date "2024.05.28"]
[Round "3"]
[White "Alphafischer2019"]
[Black "Alexander_Donchenko"]
[Result "0-1"]
[WhiteElo "2680"]
[BlackElo "2908"]
[TimeControl "180+1"]
[EndTime "8:27:26 PDT"]
[Termination "Alexander_Donchenko won by checkmate"]

1. Nf3 Nf6 2. g3 b5 3. Bg2 Bb7 4. O-O e6 5. b3 c5 6. c4 a6 7. Bb2 Be7 8. d4 cxd4 9. Qxd4 O-O 10. Nbd2 Nc6 11. Qf4 Qb8 12. Qh4 Rc8 13. Ne4 Nxe4 14. Qxe4 bxc4 15. Qxc4 Bf8 16. Ng5 h6 17.
Nf3 a5 18. Rfd1 d5 19. Qg4 Ba6 20. Nd4 Nxd4 21. Bxd4 Rc2 22. Re1 Qb4 23. h3 Rac8 24. e3 Qd2 25. Qf4 Rxa2 26. Rxa2 Qxe1+ 27. Kh2 Rc1 28.
h4 Qg1+ 29. Kh3 Bf1 30. Bxf1 Qxf1+ 31. Kg4 f5+ 32. Kh5 Kh7 33. Qg5 hxg5 34. hxg5 Qh3# 0-1